Map: Orbital Shipyard

Players

SticklerMac

  • Race: Zerg Zerg

TERROR - Winner!

  • Race: Terran Terran
  • League: Silver

VOD

Have the link to the VOD?

Description

Time

  • Played on: Nov. 10, 2015, 1:04 a.m.
  • Length: 4:44
Show
View Real Time Build Order
Export as new Build Order

SticklerMac Zerg 

Build Orders: Hatch First 

Get SALT Encoding   

  12  0:01  Drone  
  13  0:08  Drone  
  14  0:17  Overlord  
  14  0:35  Drone x3  
  17  0:56  Hatchery  
  16  0:58  Drone  
  16  1:02  Drone, Extractor  
  17  1:16  Spawning Pool  
  16  1:20  Drone  
  17  1:30  Drone x2  
  19  1:41  Drone  
  20  1:51  Overlord  
  20  2:04  Metabolic Boost  
  20  2:07  Queen x2  
  24  2:10  Drone  
  25  2:17  Drone x2  
  25  2:20  Drone  
  28  2:28  Baneling Nest  
  28  2:29  Drone  
  28  2:36  Overlord  
  28  2:54  Overlord x2  
  28  3:01  Lair  
  28  3:02  Drone x2  
  28  3:05  Drone  
  31  3:07  Zergling x2  
  31  3:08  Zergling x2  
  32  3:21  Extractor  
  32  3:23  Zergling x2  
  32  3:24  Zergling x8  
  36  3:31  Baneling  
  36  3:32  Baneling x2  
  36  3:34  Drone  
  36  3:35  Drone x2  
  36  3:40  Zergling x2  
  40  3:45  Drone  
  40  3:46  Drone  
  42  3:54  Drone x3  
  42  3:55  Drone  
  46  4:14  Overlord x3  
Show
View Real Time Build Order
Export as new Build Order

TERROR Terran - Winner!

Build Orders:  

Get SALT Encoding   

  12  0:10  Supply Depot  
  12  0:12  SCV  
  13  0:24  SCV  
  14  0:32  Barracks  
  14  0:37  SCV  
  15  0:49  SCV  
  16  1:01  SCV  
  17  1:18  Orbital Command  
  17  1:19  Marine  
  18  1:32  Barracks x2  
  18  1:33  Barracks  
  18  1:39  Supply Depot  
  18  1:42  Marine  
  18  1:46  SCV  
  20  1:58  SCV  
  20  2:00  Marine  
  22  2:10  Supply Depot  
  22  2:11  SCV  
  23  2:18  Marine  
  23  2:21  Marine  
  23  2:22  Refinery, Marine  
  26  2:23  SCV, Marine  
  28  2:35  SCV, Marine  
  30  2:39  Marine x2  
  30  2:41  Marine  
  33  2:53  Marine  
  33  2:57  Supply Depot, Marine x2  
  36  2:59  Marine  
  37  3:11  Marine  
  38  3:15  Marine  
  39  3:22  Command Center  
  39  3:25  Marine  
  40  3:31  SCV  
  40  3:32  Marine x2  
  43  3:34  Barracks Tech Lab  
  43  3:44  Marine  
  43  3:46  SCV  
  45  3:49  Marine  
  45  3:50  Marine  
  45  3:52  Refinery  
Tags
 
Add a new tag
Caveats
  • Supply blocks, unpowered buildings, or Contaminate may cause inaccurate times.
  • Supply counts are checked every 10 seconds.